 Dungeon Crawl Stone Soup version 0.26-a0-244-g083ca260ac (webtiles) character file.

Game seed: 6029928120032983913

973 DDDD the Skirmisher (level 7, -1/64 HPs)
             Began as a Minotaur Berserker on July 8, 2020.
             Was a Priest of Trog.
             Slain by Richi's ghost (4 damage)
             ... on level 5 of the Dungeon.
             The game lasted 00:12:58 (4560 turns).

DDDD the Skirmisher (Minotaur Berserker)            Turns: 4560, Time: 00:12:59

Health: -1/64      AC: 12    Str: 22    XL:     7   Next: 94%
Magic:  0/6        EV:  9    Int:  4    God:    Trog [***...]
Gold:   146        SH:  0    Dex: 11    Spells: 6/6 levels left

rFire    . . .     SeeInvis +   E - +1 short sword (drain)
rCold    . . .     Faith    .   (no shield)
rNeg     . . .     Spirit   +   q - +0 chain mail
rPois    .         Reflect  .   n - +1 hat
rElec    .         Harm     .   a - scarf {repulsion}
rCorr    +                      j - +0 pair of gloves
MR       .....                  (no boots)
Stlth    ..........             g - amulet of guardian spirit
HPRegen  0.20/turn              B - ring of resist corrosion
MPRegen  0.10/turn              A - ring of see invisible

@: mighty, berserk cooldown, slowed, repel missiles, very slow
A: retaliatory headbutt, horns 2
a: Berserk, Trog's Hand, Renounce Religion


You were on level 5 of the Dungeon.
You worshipped Trog.
Trog was most pleased with you.
You were hungry.

You visited 1 branch of the dungeon, and saw 5 of its levels.

You collected 170 gold pieces.
You spent 24 gold pieces at shops.

Inventory:

Hand Weapons
 d - a +1 dagger of venom
 D - a +3 short sword
 E - a +1 short sword of draining (weapon)
Armour
 a - a scarf of repulsion (worn)
 j - a +0 pair of gloves (worn)
 n - a +1 hat (worn)
 q - a +0 chain mail (worn)
Jewellery
 g - an amulet of guardian spirit (around neck)
 l - an uncursed ring of ice
 A - a ring of see invisible (right hand)
 B - a ring of resist corrosion (left hand)
Scrolls
 b - 3 scrolls of immolation {unknown}
 e - 2 scrolls of blinking {unknown}
 h - 3 scrolls of remove curse
 t - a scroll of amnesia {unknown}
 u - a scroll of torment {unknown}
 v - a scroll of noise {unknown}
 w - 2 scrolls of teleportation {unknown}
 x - 3 scrolls of fog
 y - a scroll of magic mapping {unknown}
 z - a scroll of enchant armour {unknown}
 C - a scroll of identify
Potions
 f - 2 potions of berserk rage {unknown}
 i - 3 potions of flight
 k - 3 potions of resistance {unknown}
 m - 3 potions of curing
 o - a potion of brilliance {unknown}
 p - a potion of invisibility {unknown}
 r - a potion of magic {unknown}
 s - a potion of might
Comestibles
 c - 6 rations


   Skills:
 + Level 6.5 Fighting
 + Level 5.2(6.1) Short Blades
   Level 5.2(6.4) Long Blades
 + Level 5.0 Armour
 + Level 4.3 Dodging
 + Level 0.9 Stealth


You had 6 spell levels left.
You didn't know any spells.
Your spell library contained the following spells:

 Spells                   Type           Power        Failure   Level
 Animate Skeleton         Necr           N/A          99%         1
 Pain                     Necr           #...         99%         1
 Vampiric Draining        Necr           #.........   100%        3
 Animate Dead             Necr           N/A          100%        4
 Agony                    Necr           #.......     100%        5


Dungeon Overview and Level Annotations

Branches:
Dungeon (5/15)             Temple (0/1) D:4

Altars:

Shops:
D:5 ?

Annotations:
D:5 Ananasrisotto's ghost, novice MfGl; BritishOli's ghost, amateur DsGl; Majang's ghost, novice MfIE; Richi's ghost, novice OpFi


Innate Abilities, Weirdness & Mutations

You reflexively headbutt those who attack you in melee.
You have a pair of horns on your head.


Message History

Ananasrisotto's ghost hits you but does no damage.
You closely miss Richi's ghost.
Richi's ghost is heavily damaged.
Richi's ghost hits you.
* * * LOW HITPOINT WARNING * * *
Ananasrisotto's ghost hits you but does no damage.
You hit Richi's ghost. You headbutt Richi's ghost!
Richi's ghost is almost destroyed.
Richi's ghost hits you!
* * * LOW HITPOINT WARNING * * *
BritishOli's ghost lets out a mournful wail.
Ananasrisotto's ghost completely misses you.
Richi's ghost hits you.
* * * LOW HITPOINT WARNING * * *
Unknown command.
It was a potion of might.
You feel very mighty all of a sudden.
Ananasrisotto's ghost barely misses you.
Richi's ghost hits you.
You die...

...#...##8....#.#
...#...#......#.#
.>.#.###......'.## ...#.#
8.....'..# .#.#.# (.....'..#
.....## [.....#..#
......###8....#WW#
.#......##.$8$##W#########
........###### #@W.......#
.......## #######.#####.#
.##.#.## #.......#####.#####
....### #.####.....#......# #####
#.# ##.......###.# # #.#
#.##.#..###.# ## ##.##
#........##.# .# #...#
#.####.#.##.####
)###########..####......#.#......


You could see Ananasrisotto's ghost, BritishOli's ghost, Majang's ghost and
Richi's ghost.

Vanquished Creatures
  The ghost of dvd2 the Gusty, a novice TeAE of Gozag (D:5)
  An ice beast (D:5)
  A sky beast (D:5)
  A centaur (D:5)
  A bullfrog (D:4)
  A scorpion (D:4)
  A hound (D:2)
  An orc wizard (D:5)
  A worker ant (D:5)
  A hound skeleton (D:5)
  4 gnolls (D:3)
  9 adders
  A shadow imp (D:5)
  A white imp (D:5)
  An ufetubus (D:4)
  An ooze (D:4)
  2 adder zombies (D:5)
  3 worms
  5 dart slugs
  4 leopard geckos
  14 orcs
  A ball python (D:3)
  6 giant cockroaches
  4 goblins
  12 hobgoblins
  4 jackals (D:2)
  3 quokkas
  10 bats
  3 frilled lizards
  7 kobolds
  4 rats
109 creatures vanquished.

Notes
Turn   | Place    | Note
-------+----------+-------------------------------------------
     0 | D:1      | DDDD the Minotaur Berserker began the quest for the Orb.
     0 | D:1      | Reached XP level 1. HP: 19/19 MP: 0/0
   308 | D:1      | Reached XP level 2. HP: 25/27 MP: 1/1
   510 | D:1      | Reached skill level 4 in Fighting
   796 | D:1      | Reached XP level 3. HP: 21/33 MP: 2/2
  1367 | D:2      | Reached ** piety under Trog
  1458 | D:2      | Reached XP level 4. HP: 19/41 MP: 1/3
  1905 | D:2      | You fall into a shaft and drop 2 floors!
  2158 | D:4      | Found a staircase to the Ecumenical Temple.
  2185 | D:4      | Noticed a bullfrog
  2194 | D:4      | Killed a bullfrog
  2194 | D:4      | Reached skill level 5 in Fighting
  2194 | D:4      | Reached skill level 1 in Short Blades
  2194 | D:4      | Reached XP level 5. HP: 41/48 MP: 2/4
  2317 | D:4      | Reached skill level 5 in Long Blades
  2434 | D:3      | Reached XP level 6. HP: 43/56 MP: 5/5
  3039 | D:2      | Reached *** piety under Trog
  3765 | D:5      | Entered Level 5 of the Dungeon
  3781 | D:5      | Found Puhuxod's Magic Scroll Shop.
  3788 | D:5      | Bought a scroll of identify for 24 gold pieces
  4010 | D:5      | Noticed a sky beast
  4024 | D:5      | Killed a sky beast
  4024 | D:5      | Reached XP level 7. HP: 30/62 MP: 6/6
  4203 | D:5      | Reached skill level 6 in Fighting
  4525 | D:5      | Found a runed translucent gate.
  4525 | D:5      | Found a runed translucent gate.
  4525 | D:5      | Found a runed translucent gate.
  4525 | D:5      | Noticed dvd2's ghost (novice TeAE)
  4525 | D:5      | Noticed Richi's ghost (novice OpFi)
  4525 | D:5      | Noticed Ananasrisotto's ghost (novice MfGl)
  4525 | D:5      | Noticed Majang's ghost (novice MfIE)
  4525 | D:5      | Noticed BritishOli's ghost (amateur DsGl)
  4540 | D:5      | Killed dvd2's ghost
  4540 | D:5      | Reached skill level 5 in Short Blades
  4540 | D:5      | Reached skill level 5 in Armour
  4559 | D:5      | HP: 3/64 [Richi's ghost (4)]
  4560 | D:5      | Slain by Richi's ghost

Illustrated notes

Levels and vault maps discovered:
D:1:      kennysheep_arrival_seaside, layout_basic, minmay_vboxes
D:2:      layout_basic
D:3:      layout_rooms, first_ration
D:4:      layout_loops_ring, minmay_temple_entry_statues
D:5:      layout_loops_cross, serial_shops, nicolae_shop_trees,
          gammafunk_ghost_cemetery

Skill      XL: |  1  2  3  4  5  6  7 |
---------------+----------------------+-----
Long Blades    | 4 5 |  5.2
Fighting       | 4 5 6 |  6.5
Dodging        | 3 4 |  4.3
Short Blades   | 1 3 5 |  5.2
Armour         | 3 4 5 |  5.0
Stealth        | |  0.9

Action                   |  1- 3 |  4- 6 |  7- 9 || total
-------------------------+-------+-------+-------++-------
Melee: Dagger            |    67 |    65 |       ||   132
       Falchion          |     6 |       |       ||     6
       Headbutt          |     6 |    35 |    13 ||    54
       Short sword       |       |    78 |    62 ||   140
       Spear             |       |    11 |       ||    11
Invok: Berserk           |       |     1 |     1 ||     2
       Trog's Hand       |       |       |     1 ||     1
  Use: Scroll            |       |     6 |       ||     6
       Potion            |       |       |     2 ||     2
  Eat: Ration            |     2 |     1 |       ||     3
Armor: Animal skin       |    33 |     3 |       ||    36
       Chain mail        |       |    83 |    41 ||   124
Dodge: Dodged            |    57 |    80 |    25 ||   162
       Repelled          |       |     1 |     2 ||     3
       Rpst.: Falchion   |     2 |       |       ||     2

Table legend:
 A = Non-vault XP
 B = Vault XP
 C = Vault XP percentage of total XP
 D = Non-vault monster count
 E = Vault monster count
 F = Vault count percentage of total count
                 A         B        C        D         E       F
            +---------+---------+-------+---------+---------+-------
      Total |    1068 |     322 |  23.2 |     101 |       8 |   7.3
            +---------+---------+-------+---------+---------+-------
        D:1 |      35 |      12 |  25.5 |      18 |       7 |  28.0
        D:2 |     105 |       0 |   0.0 |      20 |       0 |   0.0
        D:3 |     159 |       0 |   0.0 |      33 |       0 |   0.0
        D:4 |     237 |       0 |   0.0 |      12 |       0 |   0.0
        D:5 |     532 |     310 |  36.8 |      18 |       1 |   5.3
            +---------+---------+-------+---------+---------+-------
